 Dungeon Sprint DCSS version 0.20-a0-1124-g2e29d97 (webtiles) character file.

456 Dipster the Basher (level 7, -4/50 HPs)
             Began as a Gargoyle Fighter on May 15, 2017.
             Incinerated by a deep elf mage (6 damage)
             ... with a sticky flame
             ... in the Dungeon (Sprint III: "The Ten Rune Challenge").
             The game lasted 00:03:20 (709 turns).

Dipster the Basher (Gargoyle Fighter)                Turns: 709, Time: 00:03:21

Health: -4/50      AC: 11    Str: 22    XL:     7   Next: 6%
Magic:  7/7        EV:  9    Int:  8    God:
Gold:   39         SH:  0    Dex: 11    Spells: 2/6 levels left

rFire    . . .     SeeInvis .   a - +0 flail
rCold    . . .     Gourm    .   (no shield)
rNeg     + . .     Faith    .   b - +0 scale mail
rPois    ∞         Spirit   .   (no helmet)
rElec    +         Reflect  .   (no cloak)
rCorr    .         Harm     .   (no gloves)
MR       .....     NoTele   +   (no boots)
Stlth    ..........             (no amulet)
Regen    0.2/turn               (no ring)
MPRegen  0.1/turn               (no ring)

@: liquid flames, very slightly contaminated, glowing
A: thin skeletal structure 1, blink, negative energy resistance 1, electricity
resistance, unbreathing, petrification resistance, rot immunity, AC +4
a: Blink


You were in the Dungeon.
You were not hungry.

You visited 1 branch You collected 39 gold pieces.

Inventory:

Hand Weapons
 a - a +0 flail (weapon)
Armour
 b - a +0 scale mail (worn)
 c - a +0 shield
Wands
 g - a wand of polymorph (3/24)
Scrolls
 l - 3 scrolls of remove curse
 n - a scroll of holy word {unknown}
 o - 3 scrolls of identify
 q - a scroll of immolation {unknown}
 r - a scroll of magic mapping {unknown}
Potions
 d - 2 potions of mutation
 e - a potion of curing
 h - a potion of haste
 i - 2 potions of magic
 t - 3 potions of flight
Books
 j - a book of Minor Magic

   Spells                             Type                      Level
   a - Magic Dart                     Conjuration                  1
   b - Blink                          Translocation                2
   c - Call Imp                       Summoning                    2
   d - Slow                           Hexes                        2
   e - Conjure Flame                  Conjuration/Fire             3
   f - Mephitic Cloud                 Conjuration/Poison/Air       3
Comestibles
 f - a bread ration
 p - a meat ration
 s - 2 royal jellies


   Skills:
 + Level 8.9 Fighting
 * Level 10.9 Maces & Flails
 - Level 3.2 Armour
 - Level 3.2 Shields
 + Level 4.6 Conjurations
 + Level 4.2 Poison Magic


You had 2 spell levels left.
You knew the following spells:

 Your Spells              Type           Power        Failure   Level  Hunger
a - Magic Dart            Conj           #...         17%         1    ##.....
b - Mephitic Cloud        Conj/Pois/Air  #.......     71%         3    ####...


Dungeon Overview and Level Annotations

Branches:
Dungeon (1/1)

Altars:
Dithmenos
Elyvilon
Kikubaaqudgha
Ru
Sif Muna
Vehumet
Yredelemnul
Zin
The Shining One


Innate Abilities, Weirdness & Mutations

You are resistant to torment.
Your stone body is resilient. (AC +4)
You are immune to poison.
You resist negative energy. (rN+)
You are resistant to electric shocks. (rElec)
You can survive without breathing.
You are immune to petrification.
You are immune to rotting.
You have a somewhat thin skeletal structure. (Dex +2, Stealth)
You can translocate small distances at will.


Message History

You hit the deep elf mage.
The deep elf mage is heavily wounded.
You are covered in liquid flames!
The fire elemental hits you. The fire elemental burns you!
* * * LOW HITPOINT WARNING * * *
The deep elf mage hits you but does no damage.
You closely miss the deep elf mage.
The deep elf mage is heavily wounded.
You are covered in liquid flames!
* * * LOW HITPOINT WARNING * * *
The fire elemental hits you. The fire elemental burns you!
* * * LOW HITPOINT WARNING * * *
The deep elf mage mumbles some strange words.
Okay, then.
Blink to where?
Press: ? - help, Dir - move target cursor You are very lightly contaminated with residual magic.
As you read the scroll of blinking, it crumbles to dust.
You are covered in liquid flames!
You die...

.'....♣ ♣.##### ####
.#....♣ ♣♣.#__E# #__#
##....♣♣ ♣..#e§E# #._#
.#....≈♣♣♣♣♣.###E#+###)##
.#...≈≈.♣.♣♣.#..........#
.#..≈≈≈≈..♣..'.⌠........#
'#..≈≈≈≈≈≈♣♣.#...######'#
.#.≈≈≈≈≈≈....#.⌠.# #...#
.#.≈≈≈≈≈.....#..@# #...#
.#.≈≈≈.......#)### #...#
##...........#.).# #...+
.............#___# +...#
▓▓▓▓▓▓▓▓▓▓▓▓▓▓▓▓▓▓ ▓▓▓▓▓


You could see 3 fire elementals.

Vanquished Creatures
  A shadow (D)
  A necrophage (D)
  A water elemental (D)
  A jelly (D)
  A wizard (D)
  Jessica (D)
  A necromancer (D)
  A kobold demonologist (D)
  A human (D)
  A wolf (D)
  An ooze (D)
  A rat (D)
12 creatures vanquished.

Vanquished Creatures (others)
  2 draconian scorchers (D)
  Nessos (D)
  A yaktaur (D)
  6 hellions (D)
10 creatures vanquished.

Grand Total: 22 creatures vanquished

Notes
Turn   | Place    | Note
-------+----------+-------------------------------------------
     0 | D        | Dipster the Gargoyle Fighter began the quest for the Orb.
     0 | D        | Reached XP level 1. HP: 14/14 MP: 1/1
    13 | D        | Reached skill level 3 in Maces & Flails
    87 | D        | Killed a hellion
    88 | D        | Noticed Jessica
    88 | D        | Killed a hellion
    88 | D        | Killed a hellion
    88 | D        | Killed a hellion
    92 | D        | Killed a hellion
    94 | D        | Killed a hellion
   119 | D        | Killed Jessica
   119 | D        | Reached skill level 5 in Fighting
   119 | D        | Reached skill level 5 in Maces & Flails
   119 | D        | Reached XP level 2. HP: 21/21 MP: 2/2
   119 | D        | Reached XP level 3. HP: 26/26 MP: 3/3
   122 | D        | Killed a white draconian scorcher
   128 | D        | Killed a yaktaur
   132 | D        | Killed a white draconian scorcher
   149 | D        | Reached skill level 6 in Maces & Flails
   157 | D        | Reached XP level 4. HP: 17/32 MP: 4/4
   184 | D        | Gained mutation: You have a somewhat thin skeletal structure. (Dex +2, Stealth) [potion of mutation]
   184 | D        | Gained mutation: You can translocate small distances at will. [potion of mutation]
   329 | D        | Noticed a water elemental
   335 | D        | Killed a water elemental
   335 | D        | Reached skill level 8 in Maces & Flails
   335 | D        | Reached XP level 5. HP: 37/37 MP: 5/5
   383 | D        | Found a radiant altar of Vehumet.
   383 | D        | Found a deep blue altar of Sif Muna.
   383 | D        | Found an ancient bone altar of Kikubaaqudgha.
   394 | D        | Reached skill level 9 in Maces & Flails
   403 | D        | Learned a level 1 spell: Magic Dart
   407 | D        | Learned a level 3 spell: Mephitic Cloud
   420 | D        | Found a basalt altar of Yredelemnul.
   420 | D        | Found a shadowy altar of Dithmenos.
   420 | D        | Found a sacrificial altar of Ru.
   420 | D        | Noticed a necrophage
   421 | D        | Reached skill level 1 in Conjurations
   421 | D        | Reached skill level 1 in Poison Magic
   426 | D        | Killed a necrophage
   426 | D        | Reached XP level 6. HP: 40/44 MP: 6/6
   499 | D        | Reached skill level 10 in Maces & Flails
   560 | D        | Killed Nessos
   632 | D        | Noticed a shadow
   644 | D        | Killed a shadow
   644 | D        | Reached XP level 7. HP: 43/50 MP: 7/7
   695 | D        | Found a glowing silver altar of Zin.
   695 | D        | Found a glowing golden altar of the Shining One.
   695 | D        | Found a white marble altar of Elyvilon.
   696 | D        | Noticed a deep elf mage
   706 | D        | Noticed a fire elemental
   708 | D        | HP: 2/50 [fire elemental[a deep elf mage] (6)]
   709 | D        | Noticed a fire elemental
   709 | D        | Noticed a fire elemental
   709 | D        | Incinerated by a deep elf mage

Vault maps used:
D:        dungeon_sprint_mu

Skill      XL: |  1  2  3  4  5  6 |
---------------+-------------------+-----
Maces & Flails | 5 6 8 9 10 | 10.9
Fighting       | 5 6 8 |  8.9
Conjurations   | 2 4 |  4.6
Poison Magic   | 2 4 |  4.2
Armour         | |  3.2
Shields        | |  3.2

Action                   |  1- 3 |  4- 6 |  7- 9 || total
-------------------------+-------+-------+-------++-------
Melee: Flail             |    19 |    35 |    10 ||    64
       Unarmed           |     2 |       |       ||     2
  Use: Potion            |     2 |     2 |     1 ||     5
       Scroll            |       |       |     1 ||     1
Armor: Scale mail        |     8 |     7 |     7 ||    22
Dodge: Dodged            |    11 |    12 |     2 ||    25
